 Dungeon Crawl Stone Soup version 0.31-a0-257-gf185e81a89 (webtiles) character file.

Game seed: 8021074611155160974

434 qw the Shooter (level 6, -2/52 HPs)
             Began as a Minotaur Hexslinger on July 12, 2023.
             Slain by a gnoll
             ... wielding a +0 spear of venom
             ... led by a gnoll bouda
              (7 damage)
             ... on level 5 of the Dungeon.
             The game lasted 00:01:26 (3959 turns).

qw the Shooter (Minotaur Hexslinger)                Turns: 3959, Time: 00:01:26

Health: -2/52      AC:  5    Str: 12    XL:     6   Next: 67%
Magic:  6/6        EV: 11    Int: 10    God:
Gold:   152        SH:  0    Dex: 15    Spells: 6/7 levels left

rFire   + + .        Y - +2 sling
rCold   . . .        (no shield)
rNeg    . . .        d - +0 ring mail
rPois   .            (helmet restricted)
rElec   .            (no cloak)
rCorr   .            (no gloves)
SInv    .            (no boots)
Will    .....        b - amulet of the acrobat
Stlth   +            j - ring of protection from fire
HPRegen 0.28/turn    c - ring of protection from fire
MPRegen 0.10/turn

%: acrobat
@: lethally poisoned (-2 -> -3)
A: horns 2, retaliatory headbutt
a: no special abilities


You were on level 5 of the Dungeon.
You visited 1 branch of the dungeon, and saw 5 of its levels.

You collected 152 gold pieces.


Innate Abilities, Weirdness & Mutations

You have a pair of horns on your head.
You reflexively headbutt those who attack you in melee.


   Skills:
 - Level 4.0 Fighting
 + Level 7.0 Ranged Weapons
 - Level 1.0 Armour
 - Level 2.1 Dodging
 - Level 1.0 Spellcasting
 - Level 2.0 Hexes


You had 6 spell levels left.
You knew the following spells:

 Your Spells              Type           Power      Damage    Failure   Level
a - Slow                  Hex            16%        N/A       34%         1

Your spell library contained the following spells:

 Spells                   Type           Power      Damage    Failure   Level
 Inner Flame              Hex/Fire       2%         N/A       83%         3
 Portal Projectile        Hex/Tloc       4%         N/A       83%         3
 Cause Fear               Hex            2%         N/A       98%         4

Inventory:

Hand Weapons
 Y - a +2 sling (weapon)
Armour
 d - a +0 ring mail (worn)
Jewellery
 b - an amulet of the acrobat (around neck)
 c - a ring of protection from fire (right hand)
 j - a ring of protection from fire (left hand)
Scrolls
 i - a scroll of enchant armour
 l - 2 scrolls of identify
Potions
 a - a potion of might
 e - a potion of cancellation
 h - 4 potions of curing
 m - a potion of haste

Dungeon Overview and Level Annotations

Branches:
Dungeon (5/15)             Temple (0/1) D:5

Altars:
Ashenzari
Elyvilon
Hepliaklqana
Wu Jian


Message History

The gnoll is heavily wounded.
You feel very sick. The gnoll completely misses you.
You shoot a sling bullet.
The sling bullet closely misses the gnoll.
You feel very sick. The gnoll barely misses you.
The gnoll hits you from afar with a +0 spear of venom!
The gnoll barely misses you.
A gnoll comes into view. It is wielding a +0 club.
You shoot a sling bullet. The gnoll shouts!
The sling bullet hits the gnoll!
You kill the gnoll!
You feel sick.
A gnoll comes into view. It is wielding a +0 spear.
Your Ranged Weapons skill increases to level 7!
You shoot a sling bullet. The sling bullet hits the gnoll bouda.
The gnoll bouda is moderately wounded.
You feel sick. The gnoll barely misses you.
The gnoll bouda barks out a call to the hunt!
The gnolls pick up the pace!
You hear a shout!
You shoot a sling bullet. The sling bullet hits the gnoll bouda.
The gnoll bouda is moderately wounded.
You feel sick.
A gnoll comes into view. It is wielding a +0 whip.
The gnoll hits you from afar with a +0 spear of venom.
You shoot a sling bullet. The sling bullet hits the gnoll bouda.
The gnoll bouda is heavily wounded.
You feel sick.
The gnoll hits you from afar with a +0 spear of venom.
The gnoll bouda calls upon its god to heal the gnoll.
The gnoll is healed somewhat.
You shoot a sling bullet. The sling bullet hits the gnoll bouda.
The gnoll bouda is almost dead.
Your attacks no longer feel as feeble.
You feel sick.
The gnoll hits you from afar with a +0 spear of venom!
You die...

#. ## #. ..## #.
^.# #.###.#
##.##.>#..######.#
.........@........
###
####...g.......#
..# ##.###g#.##.#
..# #.# gg..# ..#
#.# ..>.# ..# #.#
....# ..##### #.#
.####
......########.#
.#
.#.............#
g#


You could see a gnoll bouda and 3 gnolls.

Vanquished Creatures
  A scorpion (D:4)
  A gnoll bouda (D:4)
  Terence (D:3)
  Natasha (twice) (D:3)
  4 orc wizards
  3 adders
  5 gnolls
  2 ufetubi
  3 worms
  2 dart slugs (D:2)
  8 orcs
  4 endoplasms
  4 giant cockroaches
  6 goblins
  4 hobgoblins
  6 kobolds
  5 quokkas
  10 ball pythons
  2 bats
  3 frilled lizards
  3 rats
79 creatures vanquished.

Notes
Turn   | Place    | Note
-------+----------+-------------------------------------------
     0 | D:1      | qw the Minotaur Hexslinger began the quest for the Orb.
     0 | D:1      | Reached XP level 1. HP: 16/16 MP: 1/1
     0 | D:1      | 0 ||| qw: Version: 0.3-a-52-g30416fa
     0 | D:1      | 0 ||| qw: Game counter: 6807
     0 | D:1      | 0 ||| qw: Melee chars always use a shield: true
     0 | D:1      | 0 ||| qw: God list: Okawaru
     0 | D:1      | 0 ||| qw: Allow faded altars: false
     0 | D:1      | 0 ||| qw: Do Orc after clearing Dungeon:15 true
     0 | D:1      | 0 ||| qw: Do second Lair branch before Depths: true
     0 | D:1      | 0 ||| qw: Lair rune preference: random
     0 | D:1      | 0 ||| qw: Goals: Normal
     0 | D:1      | 0 ||| PLANNING D:1-11
   434 | D:1      | Reached skill level 3 in Ranged Weapons
   632 | D:1      | HP: 4/16 [kobold/+0 short sword (4)]
   635 | D:1      | Reached XP level 2. HP: 5/23 MP: 2/2
   755 | D:1      | Found a faded altar of an unknown god.
   769 | D:1      | 769 ||| DROPPING scarf of shadows.
   770 | D:1      | 770 ||| UPGRADING to ring of protection from fire.
   771 | D:1      | 771 ||| READING scroll labelled YRGHAU WIWAROES.
   772 | D:1      | 772 ||| READING scroll labelled AQI RI FUDA.
   773 | D:1      | 773 ||| READING scroll labelled XAIC DIXTE.
   774 | D:1      | 774 ||| READING scroll labelled AMMUL APLIUR.
   775 | D:1      | 775 ||| READING scroll labelled GEPOMN MISIQAR.
   778 | D:1      | 778 ||| DRINKING 2 puce potions.
   779 | D:1      | 779 ||| DROPPING scroll of poison.
   780 | D:1      | 780 ||| DROPPING potion of degeneration.
  1021 | D:2      | Reached XP level 3. HP: 18/29 MP: 3/3
  1112 | D:2      | Identified the staff "Haosid" {+Blink rElec rF+ rN++ Dex-4
                  | Fire}
  1228 | D:2      | HP: 3/29 [worm (7)]
  1528 | D:2      | Reached skill level 4 in Ranged Weapons
  1745 | D:2      | 1745 ||| UPGRADING to +0 ring mail.
  1755 | D:2      | 1755 ||| DROPPING +0 robe.
  1756 | D:2      | 1756 ||| UPGRADING to amulet of the acrobat.
  1761 | D:2      | 1761 ||| DRINKING 2 metallic cyan potions.
  1810 | D:3      | Found an ornate altar of the Wu Jian Council.
  1871 | D:3      | Found a faded altar of an unknown god.
  1887 | D:3      | Reached skill level 1 in Armour
  1922 | D:3      | Reached XP level 4. HP: 33/36 MP: 4/4
  1982 | D:3      | Noticed Natasha
  1988 | D:3      | Killed Natasha
  2067 | D:3      | Reached skill level 5 in Ranged Weapons
  2195 | D:3      | Noticed Natasha
  2203 | D:3      | Killed Natasha
  2204 | D:3      | Reached XP level 5. HP: 25/44 MP: 5/5
  2271 | D:3      | Found a hazy altar of Hepliaklqana.
  2293 | D:3      | Noticed Terence
  2305 | D:3      | Killed Terence
  2306 | D:3      | Reached skill level 3 in Fighting
  2632 | D:3      | 2632 ||| READING scroll labelled ZIESOO QOMOSU.
  2633 | D:3      | 2633 ||| READING scroll labelled ATIONT WAWIU.
  2634 | D:3      | 2634 ||| READING scroll labelled VIKHIB OGIKHUXAIR.
  2635 | D:3      | 2635 ||| READING scroll labelled POTOAK NIK.
  2665 | D:4      | Reached skill level 6 in Ranged Weapons
  2665 | D:4      | Reached XP level 6. HP: 13/51 MP: 6/6
  2665 | D:4      | HP: 11/51 [poisoned by a scorpion]
  2837 | D:4      | 2837 ||| UPGRADING to ring of protection from fire.
  2845 | D:4      | 2845 ||| STAIRDANCE
  2915 | D:4      | 2915 ||| DRINKING 2 fizzy ruby potions.
  2916 | D:4      | 2916 ||| DRINKING 2 red potions.
  2924 | D:4      | 2924 ||| STAIRDANCE
  2941 | D:4      | Found a white marble altar of Elyvilon.
  3054 | D:4      | Found a broken altar of Ashenzari.
  3441 | D:4      | 3441 ||| DRINKING 2 bubbling coppery potions.
  3442 | D:4      | 3442 ||| READING 4 scrolls of identify.
  3442 | D:4      | 3442 ||| IDENTIFYING silvery potion
  3443 | D:4      | 3443 ||| READING 3 scrolls of identify.
  3443 | D:4      | 3443 ||| IDENTIFYING fizzy purple potion
  3444 | D:4      | 3444 ||| DROPPING potion of invisibility.
  3482 | D:5      | Entered Level 5 of the Dungeon
  3486 | D:5      | 3486 ||| STAIRDANCE
  3567 | D:5      | 3567 ||| STAIRDANCE
  3680 | D:5      | 3680 ||| STAIRDANCE
  3686 | D:4      | HP: 13/52 [orc/+0 dagger (1)]
  3687 | D:4      | 3687 ||| DRINKING potion of heal wounds.
  3799 | D:5      | 3799 ||| STAIRDANCE
  3870 | D:5      | 3870 ||| STAIRDANCE
  3945 | D:5      | Found a staircase to the Ecumenical Temple.
  3946 | D:5      | 3946 ||| PLANNING TEMPLE
  3947 | D:5      | 3947 ||| Stepping ~*~*~tactically~*~*~ (outnumbered).
  3956 | D:5      | Reached skill level 7 in Ranged Weapons
  3957 | D:5      | HP: 12/52 [gnoll/+0 spear of venom[a gnoll bouda] (3)]
  3959 | D:5      | HP: 5/52 [poisoned by a gnoll]
  3959 | D:5      | Slain by a gnoll

Levels and vault maps discovered:
D:1:      dpeg_arrival_three_same_balls, layout_loops_ring,
          hellmonk_ecumenical_altar_pennies_from_heaven, chequers_arboretum
D:2:      layout_basic
D:3:      layout_loops_ring, lemuel_round_altar,
          nicolae_overflow_ecumenical_swirl, uniq_terence, uniq_natasha
D:4:      layout_basic, nicolae_overflow_crystal_walls,
          mainiacjoe_overflow_brackets
D:5:      layout_loops_ring, minmay_temple_entry_butterflies,
          minmay_gold_behind_fungi

Skill      XL: |  1  2  3  4  5  6 |
---------------+-------------------+-----
Ranged Weapons | 3 4 5 6 7 |  7.0
Fighting       | 2 3 4 |  4.0
Armour         | 1 |  1.0
Dodging        | |  2.1
Spellcasting   | |  1.0
Hexes          | |  2.0

Action                     |  1- 3 |  4- 6 || total
---------------------------+-------+-------++-------
   Fire: Sling             |   145 |   173 ||   318
    Use: Scroll            |     5 |     6 ||    11
         Potion            |     2 |     4 ||     6
 Armour: Robe              |     8 |       ||     8
         Ring mail         |     9 |    35 ||    44
  Dodge: Dodged            |    35 |    70 ||   105

Table legend:
 A = Non-vault XP
 B = Vault XP
 C = Vault XP percentage of total XP
 D = Non-vault monster count
 E = Vault monster count
 F = Vault count percentage of total count
                 A         B        C        D         E       F
            +---------+---------+-------+---------+---------+-------
      Total |     547 |      73 |  11.8 |      77 |       2 |   2.5
            +---------+---------+-------+---------+---------+-------
        D:1 |      12 |       0 |   0.0 |       8 |       0 |   0.0
        D:2 |      57 |       0 |   0.0 |      22 |       0 |   0.0
        D:3 |     177 |      73 |  29.2 |      24 |       2 |   7.7
        D:4 |     250 |       0 |   0.0 |      19 |       0 |   0.0
        D:5 |      51 |       0 |   0.0 |       4 |       0 |   0.0
            +---------+---------+-------+---------+---------+-------
